Description

ShowTime's build order in final with Serral

Build Order

Get SALT Encoding   

  14  0:19  Pylon  Wall
  16  0:44  Gateway  Scout
  17  0:48  Assimilator  
  20  1:26  Nexus  
  20  1:38  Cybernetics Core  
  21  1:45  Assimilator  
  22  1:55  Pylon  
  24  2:10  Adept  
  26  2:18  Stargate  
  29  2:35  Stalker  
  39  3:05  Oracle  
  39  3:13  Pylon  
  46  3:30  Phoenix  
  45  3:33  Gateway  
  46  3:43  Robotics Facility  
  46  3:46  Assimilator  
  47  3:49  Assimilator  
  48  4:00  Pylon  
  51  4:13  Twilight Council  
  56  4:33  Warp Prism  
  56  4:45  Pylon  
  56  4:52  Templar Archives  
  56  4:53  Nexus  
  58  5:05  Forge  
  60  5:17  Pylon  
  62  5:28  High Templar x4, Gateway x2  Drop Archon
  72  5:38  Assimilator, Observer  
  73  5:45  Protoss Ground Weapons Level 1  
  75  5:54  Charge  
  77  6:06  Psionic Storm  
  78  6:18  Immortal  
  86  6:31  Gateway x2  
Spawning Tool Build Advisor. Get it on Overwolf

Go to:

Details

  • Created by: JuneSPB
  • Published on: Feb 03, 2018
  • Modified on: Feb 06, 2018
  • Patch: 4.0.0
Show
View Real Time Build Order
Export as new Build Order

Comments (2)

On April 3, 2018, 4:53 a.m., Maclman  said:

Good examples of how it's played https://youtu.be/BY_GAwARnF8?t=13m7s

On Feb. 28, 2018, 10:07 a.m., Rakete  said:

This build has a flaw. After the TC Showtime adds 2 morte Gates @ 4:25. With the build above you can only wwarp 2 HTs.

Create an account to comment!